 Dungeon Crawl Stone Soup version 0.29-a0-397-g846e4a0bbc (webtiles) character file.

Game seed: 18428966114191824091

600 croobank the Covert (level 7, -7/60 HPs)
             Began as a Gnoll Delver on May 12, 2022.
             Mangled by a water moccasin (8 damage)
             ... on level 5 of the Dungeon.
             The game lasted 00:17:10 (3739 turns).

croobank the Covert (Gnoll Delver)                  Turns: 3739, Time: 00:17:13

Health: -7/60      AC:  5    Str: 18    XL:     7   Next: 41%
Magic:  10/10      EV: 14    Int:  8    God:
Gold:   276        SH:  0    Dex: 17    Spells: 2/10 levels left

rFire   . . .      SeeInvis .   s - +2 short sword (drain)
rCold   . . .      Faith    .   (no shield)
rNeg    . . .      Spirit   .   b - +0 leather armour
rPois   +          Reflect  .   (no helmet)
rElec   .          Harm     .   x - +0 cloak
rCorr   .          Rampage  .   (no gloves)
Will    .....                   j - +0 pair of boots
Stlth   ++++......              m - amulet of Heec {rPois Regen+ Int-3 Dex+4}
HPRegen 1.00/turn               p - +6 ring of strength
MPRegen 0.12/turn               (no ring)

@: lethally poisoned (-7 -> -10), flying
A: fangs 1, strong nose, distributed training
a: no special abilities


You were on level 5 of the Dungeon.
You visited 1 branch of the dungeon, and saw 5 of its levels.

You collected 276 gold pieces.

Inventory:

Hand Weapons
 a - a +2 hand axe of venom
 o - a +0 dagger
 r - a +2 quarterstaff of chaos
 s - a +2 short sword of draining (weapon)
 v - a +0 falchion of flaming
Missiles
 h - 199 stones
 q - 15 poisoned darts (quivered)
 y - 2 throwing nets
 z - 3 javelins
Armour
 b - a +0 leather armour (worn)
 e - a +0 ring mail
 j - a +0 pair of boots (worn)
 t - a +0 kite shield
 w - a +0 chain mail
 x - a +0 cloak (worn)
Jewellery
 m - the amulet of Heec (around neck) {rPois Regen+ Int-3 Dex+4}
   (You found it on level 3 of the Dungeon)

   [amulet of regeneration]

   Int:       It affects your intelligence (-3).
   Dex:       It affects your dexterity (+4).
   rPois:     It protects you from poison.
   Regen:     It increases your rate of health regeneration.
 n - an amulet of regeneration
 p - a +6 ring of strength (left hand)
 D - an amulet of guardian spirit
 E - a ring of ice
 G - a ring of see invisible
Wands
 g - a wand of digging (3)
 l - a wand of iceblast (6)
Scrolls
 c - 2 scrolls of fog
 d - 3 scrolls of amnesia
 i - 2 scrolls of teleportation
 B - a scroll of magic mapping
 C - 2 scrolls of immolation
Potions
 f - 3 potions of cancellation
 k - 2 potions of mutation
 A - a potion of flight
 F - a potion of lignification {unknown}


   Skills:
 + Level 7.0 Fighting
 + Level 2.4 Short Blades
 + Level 2.4 Long Blades
 + Level 5.2 Axes
 + Level 2.4 Maces & Flails
 + Level 2.4 Polearms
 + Level 2.4 Staves
 + Level 2.4 Slings
 + Level 2.4 Bows
 + Level 2.4 Crossbows
 + Level 2.4 Throwing
 + Level 2.4 Armour
 + Level 5.2 Dodging
 + Level 9.9 Stealth
 + Level 2.4 Shields
 + Level 2.4 Unarmed Combat
 + Level 2.4 Spellcasting
 + Level 2.0 Conjurations
 + Level 2.0 Hexes
 + Level 2.0 Summonings
 + Level 2.0 Necromancy
 + Level 2.0 Translocations
 + Level 2.0 Transmutations
 + Level 2.0 Fire Magic
 + Level 2.0 Ice Magic
 + Level 2.0 Air Magic
 + Level 2.0 Earth Magic
 + Level 2.0 Poison Magic
 + Level 2.7 Invocations
 + Level 2.4 Evocations


You had 2 spell levels left.
You knew the following spells:

 Your Spells              Type           Power      Damage    Failure   Level
a - Magic Dart            Conj           16%        1d3       19%         1
b - Searing Ray           Conj           8%         2d4       26%         2
c - Mephitic Cloud        Conj/Pois/Air  4%         N/A       47%         3
d - Call Imp              Summ           4%         N/A       26%         2

Your spell library contained the following spells:

 Spells                   Type           Power      Damage    Failure   Level
 Call Canine Familiar     Summ           4%         N/A       47%         3
 Portal Projectile        Hex/Tloc       8%         N/A       47%         3
 Fulminant Prism          Conj/Hex       2%         3d6       87%         4
 Leda's Liquefaction      Hex/Erth       2%         N/A       87%         4


Dungeon Overview and Level Annotations

Branches:
Dungeon (5/15)
 Temple: D:4-7

Altars:
Nemelex Xobeh


Innate Abilities, Weirdness & Mutations

You have very sharp teeth.
Your uncanny sense of smell can sniff out nearby items.
Your experience applies equally to all skills.


Message History

You feel sick. The water moccasin closely misses you.
The water moccasin misses you.
You miss the water moccasin.
The water moccasin is severely wounded.
You feel sick. The water moccasin bites you.
* * * LOW HITPOINT WARNING * * *
You are lethally poisoned!
The water moccasin poisons you!
You feel better. The water moccasin bites you.
* * * LOW HITPOINT WARNING * * *
The water moccasin closely misses you.
You miss the water moccasin.
The water moccasin is severely wounded.
The water moccasin bites you but does no damage.
You hit the water moccasin.
The water moccasin is almost dead.
The water moccasin bites you.
* * * LOW HITPOINT WARNING * * *
You are poisoned.
The water moccasin poisons you!
Drinking this now will have no effect.
Okay, then.
* * * LOW HITPOINT WARNING * * *
You feel very sick. The water moccasin barely misses you.
Okay, then.
You hit the water moccasin.
The water moccasin is almost dead.
* * * LOW HITPOINT WARNING * * *
You feel very sick. The water moccasin bites you.
* * * LOW HITPOINT WARNING * * *
It was a potion of flight.
You feel very buoyant.
You fly up into the air.
* * * LOW HITPOINT WARNING * * *
You feel sick. The water moccasin bites you.
* * * LOW HITPOINT WARNING * * *
The water moccasin bites you!
You die...

.# .# .# .# .# .#
.###### '##...#
######### ..#...#
#.S@....#
..#...###
#.#####.#
........######+###
#.#
.................#
#.#
.................#
#.#
...^.............#
#.#
>##....#.........#
#.#
.##....#.........#
#.####
.##.##.#.........#
#....#


You could see a water moccasin.

Vanquished Creatures
  2 ogres (D:5)
  2 scorpions (D:5)
  A howler monkey (D:5)
  Crazy Yiuf (D:2)
  An orc priest (D:2)
  A jelly (D:4)
  An orc wizard (D:2)
  7 adders
  4 gnolls
  2 worms
  2 dart slugs (D:4)
  An orc (D:2)
  8 endoplasms
  5 giant cockroaches
  8 hobgoblins
  2 jackals (D:3)
  A quokka (D:2)
  6 ball pythons
  7 bats
  9 frilled lizards
  6 goblins
  10 kobolds
87 creatures vanquished.

Notes
Turn   | Place    | Note
-------+----------+-------------------------------------------
     0 | D:5      | Reached skill level 9 in Stealth
     0 | D:5      | croobank the Gnoll Delver began the quest for the Orb.
     0 | D:5      | Reached XP level 1. HP: 23/23 MP: 1/1
    15 | D:5      | Noticed a scorpion
    46 | D:5      | Noticed a scorpion
    54 | D:4      | Found a sparkling altar of Nemelex Xobeh.
    83 | D:4      | Reached XP level 2. HP: 16/29 MP: 2/2
   232 | D:4      | Learned a level 1 spell: Magic Dart
   343 | D:3      | Reached XP level 3. HP: 32/35 MP: 3/3
   363 | D:3      | Identified the amulet of Heec {rPois Regen+ Int-3 Dex+4}
   495 | D:2      | Learned a level 2 spell: Searing Ray
   591 | D:2      | Reached skill level 1 in Invocations
   863 | D:1      | Reached skill level 1 in Short Blades
   863 | D:1      | Reached skill level 1 in Long Blades
   863 | D:1      | Reached skill level 1 in Maces & Flails
   863 | D:1      | Reached skill level 1 in Polearms
   863 | D:1      | Reached skill level 1 in Staves
   863 | D:1      | Reached skill level 1 in Slings
   863 | D:1      | Reached skill level 1 in Bows
   863 | D:1      | Reached skill level 1 in Crossbows
   863 | D:1      | Reached skill level 1 in Throwing
   863 | D:1      | Reached skill level 1 in Armour
   863 | D:1      | Reached skill level 1 in Shields
   863 | D:1      | Reached skill level 1 in Unarmed Combat
   863 | D:1      | Reached skill level 1 in Spellcasting
   863 | D:1      | Reached skill level 1 in Evocations
   981 | D:1      | Reached XP level 4. HP: 40/41 MP: 5/5
  1478 | D:2      | Reached skill level 1 in Conjurations
  1478 | D:2      | Reached skill level 1 in Hexes
  1478 | D:2      | Reached skill level 1 in Summonings
  1478 | D:2      | Reached skill level 1 in Necromancy
  1478 | D:2      | Reached skill level 1 in Translocations
  1478 | D:2      | Reached skill level 1 in Transmutations
  1478 | D:2      | Reached skill level 1 in Fire Magic
  1478 | D:2      | Reached skill level 1 in Ice Magic
  1478 | D:2      | Reached skill level 1 in Air Magic
  1478 | D:2      | Reached skill level 1 in Earth Magic
  1478 | D:2      | Reached skill level 1 in Poison Magic
  1685 | D:2      | Found a runed translucent door.
  1686 | D:2      | Noticed Crazy Yiuf
  2011 | D:2      | Reached XP level 5. HP: 47/47 MP: 6/6
  2304 | D:2      | Killed Crazy Yiuf
  2584 | D:3      | Reached XP level 6. HP: 36/53 MP: 8/8
  2998 | D:4      | Learned a level 3 spell: Mephitic Cloud
  3001 | D:4      | Learned a level 2 spell: Call Imp
  3232 | D:5      | Reached skill level 5 in Axes
  3232 | D:5      | Reached skill level 5 in Dodging
  3391 | D:5      | Reached XP level 7. HP: 59/59 MP: 10/10
  3739 | D:5      | HP: 3/60 [poisoned by a water moccasin]
  3739 | D:5      | HP: 1/60 [water moccasin (2)]
  3739 | D:5      | Mangled by a water moccasin

Illustrated notes

Levels and vault maps discovered:
D:1:      giann_horns, layout_loops_ring, minmay_misc_feat_more_columns
D:2:      layout_basic, uniq_crazy_yiuf_cottage
D:3:      layout_rooms
D:4:      layout_rooms, lemuel_crystal_altar
D:5:      layout_basic, nicolae_ossuary_entry_plus, minivault_26,
          minmay_misc_feat_pillars

Skill      XL: |  1  2  3  4  5  6  7 |
---------------+----------------------+-----
Stealth        | |  9.9
Invocations    | 1 2 |  2.7
Short Blades   | 1 2 |  2.4
Long Blades    | 1 2 |  2.4
Maces & Flails | 1 2 |  2.4
Polearms       | 1 2 |  2.4
Staves         | 1 2 |  2.4
Slings         | 1 2 |  2.4
Bows           | 1 2 |  2.4
Crossbows      | 1 2 |  2.4
Throwing       | 1 2 |  2.4
Armour         | 1 2 |  2.4
Shields        | 1 2 |  2.4
Unarmed Combat | 1 2 |  2.4
Spellcasting   | 1 2 |  2.4
Evocations     | 1 2 |  2.4
Conjurations   | 1 2 |  2.0
Hexes          | 1 2 |  2.0
Summonings     | 1 2 |  2.0
Necromancy     | 1 2 |  2.0
Translocations | 1 2 |  2.0
Transmutations | 1 2 |  2.0
Fire Magic     | 1 2 |  2.0
Ice Magic      | 1 2 |  2.0
Air Magic      | 1 2 |  2.0
Earth Magic    | 1 2 |  2.0
Poison Magic   | 1 2 |  2.0
Axes           | 5 |  5.2
Dodging        | 5 |  5.2
Fighting       | 7 |  7.0

Action                   |  1- 3 |  4- 6 |  7- 9 || total
-------------------------+-------+-------+-------++-------
Melee: Hand axe          |    70 |   128 |    24 ||   222
       Bite              |     6 |    10 |     5 ||    21
       Dagger            |     2 |       |       ||     2
       Short sword       |       |     5 |     7 ||    12
       Punch             |       |     3 |     2 ||     5
Throw: Dart              |       |    10 |     6 ||    16
 Cast: Magic Dart        |     6 |       |       ||     6
       Call Imp          |       |     1 |       ||     1
Evoke: Wand              |     1 |       |       ||     1
  Use: Scroll            |     8 |     9 |       ||    17
       Potion            |     2 |     1 |     2 ||     5
 Stab: Sleeping          |     8 |    12 |       ||    20
       Distracted        |       |     2 |       ||     2
Armor: Leather armour    |    15 |    20 |     8 ||    43
Dodge: Dodged            |    66 |    77 |    22 ||   165

Table legend: (Time is in decaauts)
 A = Elapsed time spent in this place.
 B = Non-inter-level travel time spent in this place.
 C = Inter-level travel time spent in this place.
 D = Time resting spent in this place.
 E = Time spent auto-exploring this place.
 F = Levels seen in this place.
 G = Mean time per level.
                   A        B        C        D        E       F      G
               +--------+--------+--------+--------+--------+-----+--------+
         Total |   3732 |   3624 |    108 |    250 |   2228 |   5 |  746.4 |
       Dungeon |   3732 |   3624 |    108 |    250 |   2228 |   5 |  746.4 |
               +--------+--------+--------+--------+--------+-----+--------+

Top non-repeatable levels by time:
     D:2: 1224 daAuts
     D:1: 762 daAuts
     D:4: 698 daAuts
     D:5: 578 daAuts
     D:3: 467 daAuts
